 Dungeon Crawl Stone Soup version 0.30-b1-5-g8e6c1be481 (webtiles) character file.

Game seed: 17312432587713570944

960 fozzywoppz the Trooper (level 7, -1/64 HPs)
             Began as a Minotaur Fighter on May 4, 2023.
             Killed by nerve-wracking pain
             ... invoked by Menkaure
              (6 damage)
             ... on level 4 of the Dungeon.
             The game lasted 00:07:19 (3571 turns).

fozzywoppz the Trooper (Minotaur Fighter)           Turns: 3571, Time: 00:07:19

Health: -1/64      AC: 10    Str: 20    XL:     7   Next: 92%
Magic:  6/6        EV:  8    Int: 11    God:
Gold:   184        SH:  5    Dex: 12    Spells: 6/6 levels left

rFire   . . .        a - +0 war axe
rCold   . . .        c - +0 buckler
rNeg    . . .        s - +0 chain mail
rPois   .            (helmet restricted)
rElec   .            (no cloak)
rCorr   .            (no gloves)
SInv    .            (no boots)
Will    .....        (no amulet) Stlth
                     f - +6 ring of intelligence
HPRegen 0.30/turn    (no ring)
MPRegen 0.10/turn

%: no passive effects
@: mighty
A: horns 2, retaliatory headbutt
a: no special abilities


You were on level 4 of the Dungeon.
You visited 1 branch of the dungeon, and saw 4 of its levels.
You also visited: Sewer.

You collected 184 gold pieces.

Inventory:

Hand Weapons
 a - a +0 war axe (weapon)
Missiles
 e - 2 boomerangs (quivered)
 i - a curare-tipped dart
Armour
 c - a +0 buckler (worn)
 s - a +0 chain mail (worn)
Jewellery
 f - a +6 ring of intelligence (left hand)
 v - a +6 ring of strength
Wands
 r - a wand of paralysis (2)
Scrolls
 b - a scroll of fog
 h - a scroll of magic mapping {unknown}
 l - a scroll of butterflies {unknown}
 t - a scroll of noise {unknown}
 u - a scroll of identify
 w - a scroll of blinking {unknown}
Potions
 d - 2 potions of might
 g - 2 potions of mutation {unknown}
 j - a potion of heal wounds
 k - a potion of flight
 m - 2 potions of lignification {unknown}
 n - 2 potions of invisibility {unknown}
 o - 2 potions of cancellation {unknown}
 p - 2 potions of curing {unknown}
 q - a potion of attraction {unknown}


   Skills:
 + Level 6.6 Fighting
 + Level 6.0 Axes
 - Level 6.2 Armour
 + Level 1.6 Dodging
 - Level 6.3 Shields


You had 6 spell levels left.
You didn't know any spells.
Your spell library contained the following spells:

 Spells                   Type           Power      Damage    Failure   Level
 Static Discharge         Conj/Air       0%         2-2/arc   99%         2
 Airstrike                Air            0%         2d(0-16)  100%        4
 Summon Lightning Spire   Summ/Air       0%         N/A       100%        4


Dungeon Overview and Level Annotations

Branches:
Dungeon (4/15)              Sewer (visited)
 Temple: D:4-7

Altars:
Dithmenos
Wu Jian
Xom
The Shining One

Shops:
D:1 (   D:3 [

Annotations:
D:4 Menkaure


Innate Abilities, Weirdness & Mutations

You have a pair of horns on your head.
You reflexively headbutt those who attack you in melee.


Message History

Menkaure is nearby!
Menkaure calls on the powers of darkness!
Your body is wracked with pain!
Found 14 gold pieces.
Menkaure hits you!!
* * * LOW HITPOINT WARNING * * *
Okay, then.
You feel much better. Menkaure barely misses you.
You hit Menkaure but do no damage.
Menkaure calls on the powers of darkness!
Your body is wracked with pain!
You slash Menkaure!
Menkaure is heavily damaged.
You barely miss Menkaure. Your headbutt misses Menkaure.
Menkaure is heavily damaged.
Menkaure calls on the powers of darkness!
Your body is wracked with pain!
* * * LOW HITPOINT WARNING * * *
You barely miss Menkaure.
Menkaure is heavily damaged.
Menkaure mumbles some strange words.
Menkaure seems to speed up.
You feel much better. Menkaure closely misses you.
Menkaure shouts, "Why can't you leave me to my rest?"
Menkaure hits you!
* * * LOW HITPOINT WARNING * * *
You barely miss Menkaure. You headbutt Menkaure.
Menkaure is heavily damaged.
You block Menkaure's attack.
You hit Menkaure but do no damage.
Menkaure is heavily damaged.
Menkaure hits you but does no damage.
You barely miss Menkaure.
Menkaure is heavily damaged.
Menkaure hits you!
* * * LOW HITPOINT WARNING * * *
Menkaure barely misses you.
You feel very mighty all of a sudden.
Menkaure gestures at you while chanting.
Pain shoots through your body!
You die...

##.## #...........#
#..####...........#
#....##...........#
#......##........##
#..###...##.....##
#.## ###....#####
#..# ####...## #..#
########..# #.##
......M@### ..
..........#
........$..#
...........#
............#
.............#
.............#
............##


You could see Menkaure (fast).

Vanquished Creatures
  Grinder (D:3)
  Sigmund (D:2)
  A black bear (D:4)
  2 kobold brigands (Sewer)
  A scorpion (D:4)
  Ijyb (D:4)
  An iguana (D:2)
  7 gnolls
  7 adders
  5 river rats (Sewer)
  3 worms
  3 dart slugs
  5 orcs
  10 ball pythons
  6 endoplasms
  5 giant cockroaches
  6 goblins
  5 hobgoblins
  A jackal (Sewer)
  3 kobolds
  4 quokkas
  5 bats
  5 frilled lizards
  9 rats
97 creatures vanquished.

Vanquished Creatures (others)
  15 plants (Sewer)
15 creatures vanquished.

Grand Total: 112 creatures vanquished

Notes
Turn   | Place    | Note
-------+----------+-------------------------------------------
     0 | D:1      | fozzywoppz the Minotaur Fighter began the quest for the
                  | Orb.
     0 | D:1      | Reached XP level 1. HP: 19/19 MP: 0/0
    70 | D:1      | Reached XP level 2. HP: 27/27 MP: 1/1
   239 | D:1      | Found Onteha's Weapon Shop.
   372 | D:1      | Reached XP level 3. HP: 33/33 MP: 2/2
   527 | D:2      | Found a shimmering altar of Xom.
   608 | D:2      | Reached XP level 4. HP: 35/40 MP: 3/3
   907 | D:2      | Noticed Sigmund
   926 | D:2      | Killed Sigmund
   927 | D:2      | Reached skill level 5 in Fighting
   927 | D:2      | Reached skill level 5 in Armour
   927 | D:2      | Reached skill level 5 in Shields
   927 | D:2      | Reached XP level 5. HP: 23/48 MP: 4/4
   927 | D:2      | Reached XP level 6. HP: 26/56 MP: 5/5
  1523 | D:3      | Found an ornate altar of the Wu Jian Council.
  1531 | D:3      | Noticed Grinder
  1536 | D:3      | Killed Grinder
  1576 | D:3      | Found a shadowy altar of Dithmenos.
  1632 | D:3      | Reached skill level 5 in Axes
  1684 | D:3      | Reached XP level 7. HP: 62/62 MP: 6/6
  1735 | D:3      | Found a glowing drain.
  1750 | Sewer    | Entered a sewer
  2742 | D:3      | Found a glowing golden altar of the Shining One.
  2944 | D:3      | Found Fepidwenn's Armour Shoppe.
  3109 | D:4      | Noticed Ijyb
  3116 | D:4      | Paralysed by Ijyb for 4 turns
  3122 | D:4      | Paralysed by Ijyb for 5 turns
  3123 | D:4      | Reached skill level 1 in Dodging
  3130 | D:4      | Paralysed by Ijyb for 4 turns
  3136 | D:4      | Killed Ijyb
  3556 | D:4      | Noticed Menkaure
  3571 | D:4      | Killed from afar by Menkaure

Illustrated notes

Levels and vault maps discovered:
D:1:      minmay_arrival_wavy_path, layout_basic, serial_shops,
          nicolae_shop_competitors_out_of_business,
          chequers_serial_rivers_room_a
D:2:      layout_basic, basic_altar, uniq_sigmund
D:3:      layout_basic, grunt_dithmenos_smoke, mainiacjoe_overflow_24_doors,
          nicolae_tso_carved_into_rock, portal_sewer_entry_a, serial_shops,
          shop, uniq_grinder
D:4:      layout_cave_pods, gammafunk_ghost_smash, uniq_menkaure, uniq_ijyb,
          uniq_duvessa

Skill      XL: |  1  2  3  4  5  6  7 |
---------------+----------------------+-----
Shields        | 4 5 6 |  6.3
Armour         | 4 5 6 |  6.2
Fighting       | 4 5 6 |  6.6
Axes           | 3 4 5 6 |  6.0
Dodging        | 1 |  1.6

Action                     |  1- 3 |  4- 6 |  7- 9 || total
---------------------------+-------+-------+-------++-------
  Melee: War axe           |    49 |    66 |   134 ||   249
         Headbutt          |     3 |    10 |    22 ||    35
    Use: Scroll            |       |     5 |       ||     5
         Potion            |       |       |     4 ||     4
 Armour: Scale mail        |    17 |    26 |    50 ||    93
         Chain mail        |       |       |     2 ||     2
  Dodge: Dodged            |    33 |    31 |    62 ||   126
  Block: Buckler           |    15 |    22 |    34 ||    71
